 Dungeon Crawl Stone Soup version 0.24.1 (webtiles) character file.

Game seed: 13169496568212683456, levelgen mode: deterministic

12419 Destapler the Cleaver (level 11, -1/90 HPs)
             Began as a Deep Dwarf Necromancer on Apr 1, 2020.
             Was an Elder of Makhleb.
             Slain by a white ugly thing (29 damage)
             ... on level 12 of the Dungeon.
             The game lasted 01:45:42 (11787 turns).

Destapler the Cleaver (Deep Dwarf Necromancer)     Turns: 11787, Time: 01:45:44

Health: -1/90      AC: 11    Str: 14    XL:     11   Next: 62%
Magic:  12/21      EV: 12    Int: 23    God:    Makhleb [****..]
Gold:   804        SH:  8    Dex: 13    Spells: 16/26 levels left

rFire    . . .     SeeInvis +   A - +1 war axe
rCold    . . .     Gourm    .   M - +3 buckler
rNeg     . . .     Faith    .   t - +2 ring mail {rPois}
rPois    +         Spirit   .   l - +0 helmet
rElec    .         Reflect  .   m - +0 cloak
rCorr    .         Harm     .   J - +0 pair of gloves
MR       +....                  (no boots)
Stlth    +++.......             B - amulet of the acrobat
HPRegen  0.00/turn              Q - ring of see invisible
MPRegen  0.17/turn              p - +4 ring of intelligence

@: non-regenerating
A: damage resistance, heal wounds, claws 1, clever 1, sense surroundings 2, no
regeneration
a: Heal Wounds, Minor Destruction, Lesser Servant of Makhleb, Major Destruction,
Renounce Religion


You were on level 12 of the Dungeon.
You worshipped Makhleb.
Makhleb was greatly pleased with you.
You were not hungry.

You visited 1 branch of the dungeon, and saw 12 of its levels.

You collected 804 gold pieces.

Inventory:

Hand Weapons
 f - a +3 short sword of draining
 A - a +1 war axe (weapon)
Missiles
 j - 26 boomerangs
 K - 3 poisoned darts (quivered)
Armour
 l - a +0 helmet (worn)
 m - a +0 cloak (worn)
 q - the +1 leather armour of Elyvilon's Supremacy {rF+}
   (You found it on level 4 of the Dungeon)

   It protects you from fire.
 t - a +2 ring mail of poison resistance (worn)
 J - a +0 pair of gloves (worn)
 M - a +3 buckler (worn)
 N - a +1 leather armour of magic resistance
Jewellery
 h - a +3 ring of dexterity
 p - a +4 ring of intelligence (right hand)
 B - an amulet of the acrobat (around neck)
 L - a +3 ring of evasion
 Q - a ring of see invisible (left hand)
Wands
 v - a wand of random effects (15)
 z - a wand of flame (23)
 C - a wand of iceblast (12)
 E - a wand of acid (9)
 H - a wand of paralysis (3)
 O - a wand of disintegration (13)
Scrolls
 e - 2 scrolls of enchant armour
 g - 4 scrolls of magic mapping
 i - a scroll of fog
 k - 5 scrolls of fear
 o - 2 scrolls of teleportation
 w - 2 scrolls of identify
 x - 3 scrolls of remove curse
 y - 4 scrolls of amnesia
Potions
 b - a potion of invisibility
 d - 2 potions of curing
 n - 3 potions of heal wounds
 r - 3 potions of flight
 u - a potion of magic
 D - 2 potions of brilliance
Comestibles
 c - 24 rations


   Skills:
 * Level 3.3 Fighting
 + Level 10.9 Axes
 + Level 3.8 Throwing
 - Level 3.1 Armour
 + Level 3.0 Dodging
 - Level 7.1 Stealth
 + Level 4.5 Shields
 + Level 8.0 Spellcasting
 + Level 8.2 Necromancy
 + Level 5.1 Earth Magic
 + Level 4.1 Invocations
 + Level 1.8 Evocations


You had 16 spell levels left.
You knew the following spells:

 Your Spells              Type           Power        Failure   Level  Hunger
a - Vampiric Draining     Necr           #####.....   1%          3    None
b - Pain                  Necr           ####         1%          1    None
c - Borgnjor's Vile Clut  Necr/Erth      #####.....   24%         5    #####..
z - Animate Skeleton      Necr           N/A          1%          1    None

Your spell library contained the following spells:

 Spells                   Type           Power        Failure   Level  Hunger
 Animate Dead             Necr           N/A          4%          4    ###....
 Corona                   Hex            #......      14%         1    None
 Infusion                 Chrm           #...         14%         1    None
 Ensorcelled Hibernation  Hex/Ice        #.....       21%         2    None
 Shroud of Golubria       Chrm/Tloc      #.....       21%         2    None
 Song of Slaying          Chrm           #.......     21%         2    None
 Confuse                  Hex            #.......     38%         3    None
 Dazzling Spray           Conj/Hex       #.....       38%         3    None
 Spectral Weapon          Hex/Chrm       #.......     38%         3    None
 Tukima's Dance           Hex            #.......     38%         3    None
 Silence                  Hex/Air        #.........   98%         5    #####..
 Darkness                 Hex            #.........   100%        6    ######.
 Shadow Creatures         Summ           N/A          100%        6    ######.
 Regeneration             Chrm/Necr      Unusable     N/A         3    N/A

Dungeon Overview and Level Annotations

Branches:
Dungeon (12/15)            Temple (0/1) D:7            Lair (0/6) D:8
    Orc (0/2) D:12

Altars:
Ashenzari
Dithmenos
Fedhas
Gozag
Kikubaaqudgha
Makhleb
Nemelex Xobeh
Qazlal
Ru
Sif Muna
Wu Jian
Zin
The Shining One

Annotations:
D:6 2 runed translucent doors


Innate Abilities, Weirdness & Mutations

You are resistant to damage.
You can heal yourself by infusing magical energy.
You passively map the area around you.
You do not regenerate.
You have sharp fingernails.
Your mind is acute. (Int +2)


Message History

The white ugly thing tail-slaps you but does no damage.
Casting: Vampiric Draining (safe; 1% risk of failure)
Confirm with . or Enter, or press ? or * to list all spells.
Aiming: Vampiric Draining (safe; 1% risk of failure)
Press: ? - help, Shift-Dir - straight line, f/p - white ugly thing
Aim: a white ugly thing (moderately wounded, poisoned)
The white ugly thing is heavily wounded.
You feel life coursing into your body. The white ugly thing misses you.
Casting: Vampiric Draining (safe; 1% risk of failure)
Confirm with . or Enter, or press ? or * to list all spells.
Aiming: Vampiric Draining (safe; 1% risk of failure)
Press: ? - help, Shift-Dir - straight line, f/p - white ugly thing
Aim: a white ugly thing (heavily wounded, poisoned)
The white ugly thing is heavily wounded.
You feel life coursing into your body. The soldier ant stings you.
* * * LOW HITPOINT WARNING * * *
The white ugly thing tail-slaps you!
* * * LOW HITPOINT WARNING * * *
The white ugly thing freezes you!!
You die...

##......#,,,,,,,*,,,,,**+******,>
,#......#,,,,,,##.......,,,,,,,,,
##......#,,,,,,#(.....(.,,,,,,,,,
........#,,,,,,#........********,
........#,,,,,,#(.......*,,,,,,*,
........########(.......*,,,,,,*,
........................*,,,,,,+,
................ua......*,,,,,,*,
#..#####........@.......*,,,,,,*,
#..#...#................*,,,,,**,
#..#...#................*,,,,,*,,
#..#...#................+,,,,,*,,
#..#...'........).......*,,,,,*,,
#..#...#.##############.*,,,,,*,,
...'...#.#,,,,,,,,,,,,*,+,,,,,*,,
...#####.',,,,,,,,,,,,*,*,,,,,*,,
.....,,..#.,,,,,,,,,,,*,**,,,,*,,


You could see a white ugly thing and a soldier ant.

Vanquished Creatures
  A hydra (D:11)
  A two-headed ogre (D:11)
  An unseen horror (D:11)
  Pikel (D:4)
  A wolf spider zombie (D:11)
  A cyclops (D:11)
  A manticore (D:11)
  A centaur zombie (D:10)
  Joseph (D:9)
  5 slime creatures
  3 hippogriffs
  Grinder (D:6)
  Sigmund (D:3)
  A wyvern (D:10)
  2 hungry ghosts
  A water moccasin (D:7)
  3 porcupines
  2 ice beasts
  Duvessa (D:6)
  4 slaves
  5 ogres
  3 orc warriors
  3 black bears
  2 sky beasts
  A phantom (D:8)
  9 centaurs
  A crocodile (D:8)
  2 big kobolds
  4 bullfrogs
  Dowan (D:6)
  4 scorpions
  A wyvern skeleton (D:9)
  11 killer bees
  5 wights
  2 howler monkeys (D:7)
  4 crimson imps
  2 quasits
  6 hounds
  A centaur skeleton (D:11)
  A gnoll shaman (D:6)
  8 orc priests
  Crazy Yiuf (D:7)
  5 jellies
  6 orc wizards
  4 bullfrog skeletons
  6 iguanas
  7 worker ants
  17 gnolls
  13 adders
  3 shadow imps
  6 oozes
  An adder skeleton (D:9)
  A worm (D:4)
  3 dart slugs
  7 leopard geckos
  45 orcs
  3 giant cockroaches
  10 goblins
  8 hobgoblins
  9 jackals
  13 kobolds
  A quokka (D:3)
  2 ball pythons
  5 bats
  4 frilled lizards
  10 rats
299 creatures vanquished.

Vanquished Creatures (others)
  14 fungi (D:8)
  A plant (D:8)
15 creatures vanquished.

Grand Total: 314 creatures vanquished

Notes
Turn   | Place    | Note
-------+----------+-------------------------------------------
     0 | D:1      | Destapler the Deep Dwarf Necromancer began the quest for
                  | the Orb.
     0 | D:1      | Reached XP level 1. HP: 15/15 MP: 3/3
   148 | D:1      | Reached XP level 2. HP: 22/24 MP: 4/4
   295 | D:1      | Learned a level 1 spell: Animate Skeleton
   458 | D:1      | Reached XP level 3. HP: 16/30 MP: 4/4
   572 | D:1      | Reached skill level 1 in Fighting
   731 | D:2      | Learned a level 3 spell: Vampiric Draining
  1050 | D:2      | Reached XP level 4. HP: 35/38 MP: 2/6
  1181 | D:2      | Reached skill level 5 in Necromancy
  1185 | D:2      | Gained mutation: You have sharp fingernails. [potion of
                  | mutation]
  1185 | D:2      | Gained mutation: Your mind is acute. (Int +2) [potion of
                  | mutation]
  1373 | D:2      | Reached XP level 5. HP: 25/45 MP: 1/8
  2318 | D:3      | Found a glowing silver altar of Zin.
  2318 | D:3      | Found a burning altar of Makhleb.
  2319 | D:3      | Noticed a blizzard demon
  2319 | D:3      | Noticed an angel
  2322 | D:3      | Became a worshipper of Makhleb the Destroyer
  2403 | D:3      | Reached XP level 6. HP: 47/54 MP: 6/10
  2502 | D:3      | Found a faded altar of an unknown god.
  2609 | D:3      | Noticed Sigmund
  2632 | D:3      | Killed Sigmund
  2632 | D:3      | Reached skill level 1 in Axes
  2632 | D:3      | Reached skill level 1 in Armour
  2649 | D:3      | Found a shimmering blue altar of Sif Muna.
  2649 | D:3      | Found an opulent altar of Gozag.
  2655 | D:3      | Found a glowing golden altar of the Shining One.
  2659 | D:3      | Found an ancient bone altar of Kikubaaqudgha.
  2661 | D:3      | Found a shattered altar of Ashenzari.
  2790 | D:4      | Reached skill level 1 in Throwing
  2874 | D:4      | Reached XP level 7. HP: 57/61 MP: 0/11
  2881 | D:4      | Found a shadowy altar of Dithmenos.
  2890 | D:4      | Got a spiked leather armour
  2898 | D:4      | Reached skill level 1 in Invocations
  2910 | D:4      | Identified the +1 leather armour of Elyvilon's Supremacy
                  | {rF+} (You found it on level 4 of the Dungeon)
  3178 | D:4      | Reached skill level 2 in Axes
  3651 | D:4      | Reached * piety under Makhleb
  3766 | D:5      | Entered Level 5 of the Dungeon
  3991 | D:5      | Noticed Pikel
  4016 | D:4      | Killed Pikel
  4016 | D:4      | Reached skill level 3 in Axes
  4016 | D:4      | Reached XP level 8. HP: 68/69 MP: 1/13
  4663 | D:5      | Found a sacrificial altar of Ru.
  4753 | D:6      | Noticed Grinder
  4792 | D:6      | Reached skill level 4 in Axes
  4843 | D:6      | Reached skill level 5 in Spellcasting
  5114 | D:6      | Reached skill level 5 in Axes
  5296 | D:6      | Found a runed translucent door.
  5297 | D:6      | Found a runed translucent door.
  5422 | D:6      | Noticed Duvessa
  5422 | D:6      | Noticed Dowan
  5431 | D:6      | Killed Grinder
  5431 | D:6      | Gained mutation: You passively map the area around you.
                  | [Deep Dwarf growth]
  5431 | D:6      | Reached XP level 9. HP: 71/75 MP: 16/16
  5436 | D:6      | Killed Duvessa
  5440 | D:6      | Killed Dowan
  5440 | D:6      | Reached skill level 6 in Axes
  5726 | D:7      | Reached ** piety under Makhleb
  5777 | D:7      | Found a runed translucent door.
  5778 | D:7      | Noticed Crazy Yiuf
  5791 | D:7      | Killed Crazy Yiuf
  6249 | D:7      | Found a staircase to the Ecumenical Temple.
  6265 | D:7      | Reached skill level 7 in Axes
  6583 | D:8      | Found a stormy altar of Qazlal.
  6587 | D:8      | Found a blossoming altar of Fedhas.
  7026 | D:8      | Reached skill level 8 in Axes
  7117 | D:8      | Found a staircase to the Lair.
  7124 | D:8      | Reached XP level 10. HP: 84/84 MP: 1/20
  7450 | D:8      | Reached skill level 9 in Axes
  7625 | D:9      | Noticed Joseph
  7882 | D:9      | Reached *** piety under Makhleb
  8350 | D:9      | Found a sparkling altar of Nemelex Xobeh.
  8466 | D:9      | Killed Joseph
  8622 | D:9      | Found an ornate altar of the Wu Jian Council.
  8915 | D:10     | Entered Level 10 of the Dungeon
  9054 | D:10     | Reached skill level 10 in Axes
  9246 | D:10     | Reached skill level 5 in Stealth
  9509 | D:10     | Reached skill level 1 in Shields
  9717 | D:11     | Noticed a two-headed ogre
  9871 | D:11     | Noticed a manticore
  9895 | D:11     | Killed a manticore
  9956 | D:11     | Reached XP level 11. HP: 50/90 MP: 7/22
 10091 | D:11     | Killed an unseen horror
 10091 | D:11     | Reached **** piety under Makhleb
 10444 | D:11     | Killed a two-headed ogre
 10808 | D:11     | Noticed a four-headed hydra
 10819 | D:11     | Killed a four-headed hydra
 10819 | D:11     | Reached skill level 1 in Evocations
 11130 | D:12     | Learned a level 5 spell: Borgnjor's Vile Clutch
 11227 | D:12     | Reached skill level 1 in Earth Magic
 11377 | D:12     | Noticed an unseen horror
 11574 | D:12     | Reached skill level 5 in Earth Magic
 11618 | D:12     | HP: 3/90 [slime creature (13)]
 11776 | D:12     | Noticed a white ugly thing
 11787 | D:12     | Slain by a white ugly thing

Levels and vault maps discovered:
D:1:      eino_arrival_cavern_d, layout_loops_ring, serial_park_tiny_2
D:2:      layout_basic, first_ration, minmay_tromino_i4
D:3:      layout_basic, chequers_temple_overflow_minitemple,
          grunt_temple_overflow_order_and_chaos_2,
          chequers_ecumenical_altar_lobes, uniq_sigmund
D:4:      layout_gridville, nicolae_dithmenos_shadow_blocks
D:5:      layout_cave_pools, nicolae_ru_path_of_blood, uniq_pikel
D:6:      lemuel_insect_pit, layout_rooms, lemuel_flamethrower_1, uniq_grinder,
          uniq_duvessa
D:7:      layout_loops_ring, minmay_temple_entry_glassed_door,
          uniq_crazy_yiuf_cottage
D:8:      layout_basic, grunt_temple_overflow_forces_of_nature,
          due_lair_maze_entry_diamond
D:9:      minmay_evil_eye, layout_layer_cave, kennysheep_little_box,
          basic_altar, uniq_joseph
D:10:     layout_irregular_city
D:11:     layout_roguey, hangedman_little_slice_of_home
D:12:     layout_irregular_city, orc_0_dummy, basic_altar,
          ebering_dispersal_statue_hall

Skill      XL: |  1  2  3  4  5  6  7  8  9 10 11 |
---------------+----------------------------------+-----
Stealth        | 3 6 7 |  7.1
Spellcasting   | 2 3 4 5 7 8 |  8.0
Fighting       | 1 2 3 |  3.3
Dodging        | 3 |  3.0
Necromancy     | 5 6 7 8 |  8.2
Axes           | 1 3 5 8 10 | 10.9
Armour         | 1 3 |  3.1
Throwing       | 1 3 |  3.8
Invocations    | 3 4 |  4.1
Shields        | 2 4 |  4.5
Evocations     | 1 |  1.8
Earth Magic    | 5 |  5.1

Action                   |  1- 3 |  4- 6 |  7- 9 | 10-12 || total
-------------------------+-------+-------+-------+-------++-------
Melee: Unarmed           |    10 |       |       |       ||    10
       Mace              |    88 |    66 |   144 |       ||   298
       Short sword       |       |       |   138 |   539 ||   677
       War axe           |       |       |       |    53 ||    53
Throw: Boomerang         |       |    48 |   137 |    96 ||   281
       Throwing net      |       |     2 |     2 |       ||     4
       Dart              |       |       |       |    23 ||    23
 Cast: Animate Skeleton  |     8 |       |       |       ||     8
       Vampiric Draining |     4 |    37 |    96 |   110 ||   247
       Pain              |       |       |     7 |     9 ||    16
 Abil: Heal Wounds       |     2 |     2 |     1 |     9 ||    14
Evoke: Wand              |       |       |     1 |     3 ||     4
  Use: Potion            |       |     1 |     1 |     1 ||     3
       Scroll            |       |       |     5 |    16 ||    21
 Stab: Sleeping          |     7 |     4 |     8 |     7 ||    26
       Held in net/web   |       |     1 |     2 |       ||     3
       Distracted        |       |       |       |     1 ||     1
  Eat: Chunk             |     1 |    10 |    17 |    13 ||    41
       Ration            |       |       |       |     2 ||     2
Armor: Robe              |    25 |     7 |       |       ||    32
       Leather armour    |       |     5 |     7 |       ||    12
       Ring mail         |       |       |    93 |   331 ||   424
Dodge: Dodged            |    94 |    53 |   201 |   622 ||   970
Block: Buckler           |       |       |       |   177 ||   177
